 Dungeon Crawl Stone Soup version 0.18.1-1-g2f07953 (webtiles) character file.

403 Ihatecarrots00 the Skirmisher (level 6, -2/56 HPs)
             Began as a Minotaur Berserker on May 16, 2016.
             Was a Priest of Trog.
             Slain by an orc
             ... wielding a +0 flail
              (7 damage)
             ... on level 5 of the Dungeon on Oct 14, 2016.
             The game lasted 00:31:46 (4316 turns).

Ihatecarrots00 the Skirmisher (Minotaur Berserker)  Turns: 4316, Time: 00:31:47

Health: -2/56      AC:  4    Str: 23    XL:     6   Next: 55%
Magic:  5/5        EV: 13    Int:  4    God:    Trog [***...]
Gold:   214        SH:  0    Dex: 10    Spells: 0 memorised, 5 levels left

rFire  . . .     SeeInvis .     a - +0 mace
rCold  . . .     Gourm    .     u - +1 leather armour
rNeg   . . .     Faith    .     (no shield)
rPois  .         Spirit   .     (helmet restricted)
rElec  .         Dismiss  .     (no cloak)
rCorr  .         Reflect  .     (no gloves)
SustAt .         Harm     .     (no boots)
MR     .....                    (no amulet)
Stlth  +.........               (no ring)
                                (no ring)

@: exhausted, slowed, very slow, not resistant to hostile enchantments, very
unstealthy
A: retaliatory headbutt, horns 2
a: Berserk, Trog's Hand, Burn Spellbooks, Renounce Religion


You were on level 5 of the Dungeon.
You worshipped Trog.
Trog was most pleased with you.
You were not hungry.

You visited 1 branch of the dungeon, and saw 5 of its levels.

You collected 214 gold pieces.

Inventory:

Hand Weapons
 a - a +0 mace (weapon)
 w - a +0 blowgun
Armour
 b - a +0 animal skin
 s - a cursed +0 helmet
 u - a +1 leather armour (worn)
Jewellery
 g - a cursed ring of teleportation {unknown}
 v - an uncursed amulet of magic regeneration {unknown}
Wands
 m - a wand of random effects (24/48)
 o - a wand of iceblast (10/15)
Scrolls
 e - a scroll of identify
 n - a scroll of noise
 p - 3 scrolls of remove curse
 t - a scroll of amnesia {unknown}
Potions
 j - 2 potions of flight
 q - a potion of brilliance {unknown}
 r - a potion of berserk rage {unknown}
 x - a potion of haste {unknown}
Comestibles
 d - a beef jerky
 f - 2 meat rations
 h - 2 fruits
 k - 2 bread rations


   Skills:
 + Level 5.4 Fighting
 + Level 5.1 Maces & Flails
 + Level 2.9 Armour
 + Level 5.3 Dodging
 + Level 1.1 Stealth


You had 5 spell levels left.
You didn't know any spells.

Dungeon Overview and Level Annotations

Branches:
Dungeon (5/15)             Temple (0/1) D:5

Altars:
Gozag
The Shining One

Annotations:
D:5 Grinder


Innate Abilities, Weirdness & Mutations

You reflexively headbutt those who attack you in melee.
You have a pair of horns on your head.


Message History

You are too injured to fight recklessly!
Read which item? (? for menu, Esc to quit)
As you read the scroll labeled UWIFRA FAXEASAZ, it crumbles to dust.
You hear a loud clanging noise!
It was a scroll of noise.
Grinder shouts!
You hear a bark! x4
The orc hits you with a falchion.
* * * LOW HITPOINT WARNING * * *
The orc hits you with a flail.
* * * LOW HITPOINT WARNING * * *
You're too exhausted to go berserk.
Read which item? (? for menu, Esc to quit)
Okay, then.
Identify which item? (\ to view known items) (? for menu, Esc to quit)
As you read the scroll of identify, it crumbles to dust.
j - 2 potions of flight The orc hits you with a falchion.
* * * LOW HITPOINT WARNING * * *
The orc hits you with a flail!
You die...

#.####### .# #.#
# #.# # ##.## .#
##...## ###.#..
#.....####.....
#..(.......#
#.....##...#
##...###.#@#
###......oo5../..
#.###.#ooo.....
.....$...≈...>.
#.###....≈.....
#....≈5....
#...#≈#....
....#≈≈≈≈≈≈


You could see Grinder, an orc priest, an orc wizard, a crimson imp and 3 orcs.

Vanquished Creatures
  A phantom (D:5)
  A howler monkey (D:4)
  4 worker ants
  A howler monkey zombie (D:4)
  9 adders
  An ooze (D:3)
  2 worms
  4 dart slugs
  2 giant geckos
  2 orcs (D:3)
  6 giant cockroaches
  7 goblins
  7 hobgoblins
  4 jackals
  8 kobolds
  A quokka (D:2)
  A ball python (D:2)
  6 bats
  A giant gecko skeleton (D:4)
  4 giant newts
  5 rats
77 creatures vanquished.

Notes
Turn   | Place    | Note
--------------------------------------------------------------
     0 | D:1      | Ihatecarrots00 the Minotaur Berserker began the quest for the Orb.
     0 | D:1      | Reached XP level 1. HP: 19/19 MP: 0/0
   330 | D:1      | Reached XP level 2. HP: 27/27 MP: 1/1
  1201 | D:2      | Found an opulent altar of Gozag.
  1280 | D:2      | Reached XP level 3. HP: 19/33 MP: 2/2
  1469 | D:2      | Reached ** piety under Trog
  2021 | D:2      | Reached XP level 4. HP: 34/41 MP: 3/3
  3317 | D:3      | Reached XP level 5. HP: 38/47 MP: 4/4
  3558 | D:4      | Found a glowing golden altar of the Shining One.
  3669 | D:4      | Found a sand-covered staircase.
  3697 | D:4      | Reached skill level 5 in Fighting
  3704 | D:4      | Reached skill level 1 in Stealth
  3906 | D:4      | Reached skill level 5 in Maces & Flails
  3906 | D:4      | Reached XP level 6. HP: 50/56 MP: 5/5
  4253 | D:5      | Entered Level 5 of the Dungeon
  4286 | D:5      | Reached *** piety under Trog
  4286 | D:5      | Reached skill level 5 in Dodging
  4311 | D:5      | Found a staircase to the Ecumenical Temple.
  4315 | D:5      | Noticed Grinder
  4316 | D:5      | Slain by an orc

Skill      XL: |  1  2  3  4  5  6 |
---------------+-------------------+-----
Fighting       | 4 5 |  5.4
Maces & Flails | 4 5 |  5.1
Dodging        | 3 4 5 |  5.3
Stealth        | 1 |  1.1
Armour         | |  2.9

Action                   |  1- 3 |  4- 6 || total
-------------------------+-------+-------++-------
Melee: Mace              |    81 |   104 ||   185
       Headbutt          |     8 |    16 ||    24
Invok: Berserk           |       |     1 ||     1
  Use: Scroll            |     3 |     3 ||     6
       Potion            |       |     4 ||     4
  Eat: Bread ration      |     2 |       ||     2
       Fruit             |       |     2 ||     2
       Meat ration       |       |     1 ||     1
Armor: Animal skin       |    18 |    13 ||    31
       Leather armour    |       |    12 ||    12
       Skin              |       |    24 ||    24
Dodge: Dodged            |    63 |    83 ||   146
